 Dungeon Crawl Stone Soup version 0.27.1 (webtiles) character file.

Game seed: 16000203655736240298

75 hawla the Grave Robber (level 4, 0/26 HPs)
             Began as a Deep Elf Necromancer on Sept 2, 2021.
             Slain by a water moccasin zombie (2 damage)
             ... on level 3 of the Dungeon.
             The game lasted 00:08:19 (3362 turns).

hawla the Grave Robber (Deep Elf Necromancer)       Turns: 3362, Time: 00:08:19

Health: 0/26       AC:  2    Str:  4 (5)  XL:     4   Next: 11%
Magic:  11/11      EV: 13    Int: 19 (21) God:
Gold:   92         SH:  0    Dex: 14 (15) Spells: 1/9 levels left

rFire    . . .     SeeInvis .   e - +0 club
rCold    . . .     Faith    .   (no shield)
rNeg     . . .     Spirit   .   a - +0 robe
rPois    .         Reflect  .   (no helmet)
rElec    .         Harm     .   (no cloak)
rCorr    .         Rampage  .   (no gloves)
Will     .....                  (no boots)
Stlth    ++........             (no amulet)
HPRegen  0.08/turn              (no ring)
MPRegen  0.12/turn              (no ring)

@: no status effects
A: no striking features
a: no special abilities


You were on level 3 of the Dungeon.
You visited 1 branch of the dungeon, and saw 3 of its levels.

You collected 92 gold pieces.

Inventory:

Hand Weapons
 e - a +0 club (weapon)
Missiles
 c - 12 poisoned darts
 g - 4 boomerangs (quivered)
Armour
 a - a +0 robe (worn)
Scrolls
 h - a scroll of identify
Potions
 j - a potion of magic {unknown}


   Skills:
 + Level 2.2 Fighting
 - Level 3.0 Dodging
 - Level 3.0 Stealth
 + Level 3.3 Spellcasting
 + Level 5.0 Necromancy


You had one spell level left.
You knew the following spells:

 Your Spells              Type           Power      Damage    Failure   Level
a - Pain                  Necr           88%        1d8       1%          1
b - Vampiric Draining     Necr           11%        2d7       5%          3
c - Animate Dead          Necr           11%        N/A       19%         4

Your spell library contained the following spells:

 Spells                   Type           Power      Damage    Failure   Level
 Animate Skeleton         Necr           44%        N/A       1%          1
 Corpse Rot               Necr/Air       N/A        N/A       8%          2
 Dispel Undead            Necr           22%        3d12      19%         4
 Gell's Gravitas          Tloc           1%         N/A       41%         3
 Lesser Beckoning         Tloc           1%         N/A       41%         3
 Teleport Other           Tloc           3%         N/A       41%         3
 Agony                    Necr           22%        N/A       45%         5
 Death Channel            Necr           11%        N/A       95%         6


Dungeon Overview and Level Annotations

Branches:
Dungeon (3/15)

Altars:
Makhleb


Message History

The water moccasin zombie bites you.
You hit the water moccasin zombie.
The water moccasin zombie is severely damaged.
The water moccasin zombie bites you. x2
You hit the water moccasin zombie but do no damage.
The water moccasin zombie is severely damaged.
The water moccasin zombie closely misses you.
You hit the water moccasin zombie but do no damage.
The water moccasin zombie is severely damaged.
The water moccasin zombie barely misses you. x2
You hit the water moccasin zombie.
The water moccasin zombie is severely damaged.
The water moccasin zombie bites you.
The water moccasin zombie closely misses you.
You hit the water moccasin zombie.
The water moccasin zombie is severely damaged.
The water moccasin zombie bites you.
You hit the water moccasin zombie.
The water moccasin zombie is almost destroyed.
The water moccasin zombie barely misses you. x2
You hit the water moccasin zombie.
The water moccasin zombie is almost destroyed.
The water moccasin zombie bites you.
You closely miss the water moccasin zombie.
The water moccasin zombie is almost destroyed.
The water moccasin zombie bites you. x2
You feel better. The water moccasin zombie bites you.
You hit the water moccasin zombie but do no damage.
The water moccasin zombie is almost destroyed.
The water moccasin zombie closely misses you.
The water moccasin zombie bites you.
* * * LOW HITPOINT WARNING * * *
You hit the water moccasin zombie.
The water moccasin zombie is almost destroyed.
The water moccasin zombie bites you.
* * * LOW HITPOINT WARNING * * *
You hit the water moccasin zombie.
The water moccasin zombie is almost destroyed.
The water moccasin zombie bites you.
You die...

#### ..# # #.#
.#.#.##.#######
..............#
.....##.#####.#
... #.# #.#
.....##@# #.#
......Z.# #.#
##.###### #.# #'
#.# ... #.# ..$.
##.# .....
##..#####
......####...#...#
......+..........#


You could see a water moccasin zombie.

Vanquished Creatures
  2 adders (D:3)
  A worm (D:3)
  2 dart slugs
  4 ball pythons
  5 endoplasms
  4 giant cockroaches
  7 hobgoblins
  3 jackals (D:2)
  3 quokkas
  4 bats
  3 frilled lizards
  A goblin (D:1)
  4 kobolds
  5 rats
48 creatures vanquished.

Notes
Turn   | Place    | Note
-------+----------+-------------------------------------------
     0 | D:1      | hawla the Deep Elf Necromancer began the quest for the Orb.
     0 | D:1      | Reached XP level 1. HP: 10/10 MP: 6/6
   294 | D:1      | Reached skill level 1 in Fighting
   551 | D:1      | Reached XP level 2. HP: 12/16 MP: 4/8
  1221 | D:2      | Found a faded altar of an unknown god.
  1494 | D:2      | Reached XP level 3. HP: 17/20 MP: 5/9
  1952 | D:2      | Learned a level 3 spell: Vampiric Draining
  2365 | D:3      | Found a burning altar of Makhleb.
  2523 | D:3      | Reached skill level 5 in Necromancy
  2910 | D:3      | Reached XP level 4. HP: 24/26 MP: 7/11
  2915 | D:3      | Learned a level 4 spell: Animate Dead
  3362 | D:3      | Slain by a water moccasin zombie

Illustrated notes

Levels and vault maps discovered:
D:1:      wander_arrival_estate, layout_basic, st_stairs_14
D:2:      layout_loops_ring, shapermc_ecumenical_altar_totnotflames
D:3:      layout_loops_corners, pf_just_have_faith, minitemple, serial_glass,
          glass_columns_a, glass_columns_a

Skill      XL: |  1  2  3 |
---------------+----------+-----
Fighting       | 1 2 |  2.2
Stealth        | 3 |  3.0
Dodging        | 3 |  3.0
Necromancy     | 5 |  5.0
Spellcasting   | |  3.3

Action                   |  1- 3 |  4- 6 || total
-------------------------+-------+-------++-------
Melee: Club              |       |    32 ||    32
Throw: Dart              |     2 |       ||     2
       Boomerang         |       |     6 ||     6
 Cast: Pain              |    79 |       ||    79
       Vampiric Draining |     4 |       ||     4
       Animate Dead      |       |     1 ||     1
  Use: Scroll            |     3 |       ||     3
       Potion            |       |     4 ||     4
Armor: Robe              |     3 |     7 ||    10
Dodge: Dodged            |     8 |    28 ||    36
